 Dungeon Sprint DCSS version 0.17-a0-1663-gb806841 (webtiles) character file.

42 Kidiri the Chucker (level 3, -2/36 HPs)
             Began as a Troll Hunter on Aug 16, 2015.
             Was a Follower of the Shining One.
             Slain by a hippogriff (10 damage)
             ... in the Dungeon (Sprint IX: "|||||||||||||||||||||||||||||").
             The game lasted 00:03:16 (219 turns).

Kidiri the Chucker (Troll Hunter)                    Turns: 219, Time: 00:03:16

Health: -2/36      AC:  5    Str: 21    XL:     3   Next: 33%
Magic:  2/2        EV: 10    Int: 13    God:    the Shining One [*.....]
Gold:   0          SH:  0    Dex: 10    Spells: 0 memorised, 2 levels left

rFire  . . .     SeeInvis .       - Unarmed
rCold  . . .     Clarity  .     d - +0 robe
rNeg   . . .     SustAt   .     (no shield)
rPois  .         Gourm    +     (helmet restricted)
rElec  .         Spirit   .     (no cloak)
rCorr  .         Warding  .     (gloves unavailable)
rMut   .         NoTele   +     (boots unavailable)
MR     .....                    (no amulet)
Stlth  +.........               q - +3 ring of intelligence
                                p - +3 ring of intelligence

@: lethally poisoned (-2 -> -2), glowing, not resistant to hostile enchantments,
very unstealthy
A: unfitting armour, claws 3, fast metabolism 3, gourmand, regeneration 2,
shaggy fur 1, tough skin 2
a: Renounce Religion


You were in the Dungeon.
You worshipped the Shining One.
The Shining One was aware of your devotion.
You were not hungry.

You visited 1 branch

Inventory:

Missiles
 b - 2 throwing nets
 c - 3 large rocks (quivered)
Armour
 d - a +0 robe (worn)
Jewellery
 p - a +3 ring of intelligence (left claw)
 q - a +3 ring of intelligence (right claw)
Magical devices
 o - a wand of cold (7)
Scrolls
 k - 2 scrolls of blinking
 m - 3 scrolls of remove curse
 n - 2 scrolls of amnesia
Potions
 f - a potion of invisibility
 g - 3 potions of heal wounds
 h - a potion of haste
 i - 4 potions of magic
 j - a potion of berserk rage
 l - 4 potions of curing
Comestibles
 a - 6 chunks of flesh
 e - 2 bread rations


   Skills:
 + Level 2.4 Fighting
 * Level 4.8 Throwing
 * Level 3.0 Dodging
 - Level 0.4 Stealth
 * Level 3.4 Unarmed Combat
 + Level 0.8 Invocations


You had 2 spell levels left.
You didn't know any spells.

Dungeon Overview and Level Annotations

Branches:
Dungeon (1/1)

Altars:
Cheibriados
Dithmenos
Elyvilon
Fedhas
Gozag
Kikubaaqudgha
Makhleb
Nemelex Xobeh
Okawaru
Qazlal
Ru
Sif Muna
Trog
Vehumet
Xom
Yredelemnul
Zin
The Shining One
Beogh
Jiyva
Lugonu


Innate Abilities, Weirdness & Mutations

You are too large for most types of armour.
You have claws for hands.
Your metabolism is lightning-fast.
You like to eat raw meat.
You heal very quickly.
You are covered in fur (AC +1).
You have very tough skin (AC +2).


Message History

The hippogriff is lightly wounded.
You feel sick. The hippogriff bites you. The hippogriff pecks you.
The hippogriff claws you.
You claw the hippogriff!
The hippogriff is moderately wounded.
The hippogriff bites you. The hippogriff barely misses you.
The hippogriff claws you!
You scratch the hippogriff but do no damage.
The hippogriff is moderately wounded.
The hippogriff barely misses you. The hippogriff pecks you.
* * * LOW HITPOINT WARNING * * *
The hippogriff claws you but does no damage.
Throwing (i - inventory. (,) - cycle):
c - 4 large rocks (quivered)
Press: ? - help, Shift-Dir - straight line, f - hippogriff
Aim: a hippogriff (moderately wounded, haloed)
You throw a large rock.
The large rock barely misses the hippogriff.
The large rock hits the ogre but does no damage.
You feel sick. The hippogriff bites you!
You die...

▓.▓
▓.▓
▓.▓
▓c▓
▓r▓
▓O▓
▓H▓
▓@▓
▓.▓
▓[▓
▓[▓
▓[▓
▓)▓
▓|▓
▓.▓
▓.▓


You could see a hippogriff, an ogre, a centaur and a quokka.

Vanquished Creatures
  A worker ant (D)
  An adder (D)
  3 orcs (D)
  3 kobolds (D)
  A giant newt (D)
  2 rats (D)
11 creatures vanquished.

Notes
Turn   | Place    | Note
--------------------------------------------------------------
     0 | D        | Kidiri the Troll Hunter began the quest for the Orb.
     0 | D        | Reached XP level 1. HP: 19/19 MP: 0/0
    15 | D        | Reached skill level 1 in Unarmed Combat
    50 | D        | Reached skill level 4 in Throwing
    51 | D        | Reached XP level 2. HP: 11/28 MP: 1/1
   146 | D        | Found a glowing silver altar of Zin.
   146 | D        | Found a glowing golden altar of the Shining One.
   146 | D        | Found an ancient bone altar of Kikubaaqudgha.
   146 | D        | Found a basalt altar of Yredelemnul.
   146 | D        | Found a shimmering altar of Xom.
   146 | D        | Found a radiant altar of Vehumet.
   147 | D        | Found an iron altar of Okawaru.
   148 | D        | Found a burning altar of Makhleb.
   149 | D        | Found a deep blue altar of Sif Muna.
   150 | D        | Found a bloodstained altar of Trog.
   151 | D        | Found a sparkling altar of Nemelex Xobeh.
   152 | D        | Found a white marble altar of Elyvilon.
   153 | D        | Found a roughly hewn altar of Beogh.
   154 | D        | Found a viscous altar of Jiyva.
   155 | D        | Found a corrupted altar of Lugonu.
   156 | D        | Found a blossoming altar of Fedhas.
   157 | D        | Found a snail-covered altar of Cheibriados.
   158 | D        | Found a shadowy altar of Dithmenos.
   174 | D        | Became a worshipper of the Shining One
   184 | D        | Found a stormy altar of Qazlal.
   185 | D        | Found an opulent altar of Gozag.
   186 | D        | Found a sacrificial altar of Ru.
   212 | D        | Noticed an orc wizard
   212 | D        | Noticed a centaur
   212 | D        | Noticed an ogre
   212 | D        | Acquired the Shining One's first power
   212 | D        | Noticed a hippogriff
   212 | D        | Noticed a worker ant
   215 | D        | Killed a worker ant
   215 | D        | Reached XP level 3. HP: 29/36 MP: 2/2
   219 | D        | Slain by a hippogriff

Vault maps used:
D:        linesprint

Action                   || total
-------------------------++-------
Melee: Unarmed           ||    38
Throw: Large rock        ||    10
       Throwing net      ||     2
  Use: Potion            ||     1
